 Dungeon Crawl Stone Soup version 0.16-a0-787-g31dbbe7 (webtiles) character file.

3837 RobertPalmer the Bludgeoner (level 10, -6/81 HPs)
             Began as an Ogre Wizard on Sept 27, 2014.
             Was a Follower of Ashenzari.
             Mangled by a killer bee (9 damage)
             ... on Level 8 of the Dungeon.
             The game lasted 00:30:53 (8658 turns).

RobertPalmer the Bludgeoner (Ogre Wizard)           Turns: 8658, Time: 00:30:53

HP  -6/81        AC  9     Str 14      XL: 10   Next: 18%
MP  25/28        EV  9     Int 17      God: Ashenzari [*.....]
Gold 0           SH  0     Dex 11      Spells:  5 memorised,  4 levels left

rFire  . . .     SeeInvis .     a - +1 giant spiked club (curse)
rCold  . . .     Clarity  .     j - +4 troll leather armour (curse)
rNeg   . . .     rCorr    .     (shield restricted)
rPois  .         rRot     .     b - +0 hat (curse)
rElec  .         Spirit   .     (no cloak)
SustAb .         Warding  .     (gloves unavailable)
rMut   .         Stasis   .     (boots unavailable)
Gourm  .                        (no amulet)
MR     +....                    (no ring)
                                p - ring of magical power

@: lethally poisoned, very slightly contaminated, somewhat resistant to hostile
enchantments, very unstealthy
A: unfitting armour, tough skin 1
a: Renounce Religion


You were on level 8 of the Dungeon.
You worshipped Ashenzari.
Ashenzari was aware of your devotion.
You were hungry.

You visited 2 branches of the dungeon, and saw 9 of its levels.


Innate Abilities, Weirdness & Mutations

You are too large for most types of armour.
You have tough skin (AC +1).


   Skills:
 + Level 17.1 Maces & Flails
 - Level 1.9 Dodging
 - Level 1.5 Stealth
 - Level 3.6 Spellcasting
 - Level 0.6 Conjurations
 - Level 0.6 Summonings
 - Level 0.6 Translocations


You had 4 spell levels left.
You knew the following spells:

 Your Spells              Type           Power        Failure   Level  Hunger
b - Blink                 Tloc           N/A          21%         2    ##.....
c - Mephitic Cloud        Conj/Pois/Air  #.......     47%         3    ###....
d - Repel Missiles        Chrm/Air       #.....       30%         2    ##.....
x - Call Imp              Summ           #.......     21%         2    ##.....
y - Conjure Flame         Conj/Fire      #.......     47%         3    ###....

Inventory:

Hand weapons
 a - a cursed +1 giant spiked club (weapon)
Missiles
 c - 3 curare-tipped needles
 k - 20 poisoned needles
 s - 6 javelins (quivered)
Armour
 b - a cursed +0 hat (worn)
 j - a cursed +4 troll leather armour (worn)
 o - a +0 robe
Magical devices
 f - a wand of cold (0)
 y - a wand of hasting (1) {!d}
 B - a wand of fireball (0)
Comestibles
 d - 2 meat rations
 g - 3 fruits
 r - 2 beef jerkies
 z - a royal jelly
Scrolls
 i - a scroll of fog
 l - a scroll of amnesia
 w - a scroll of curse jewellery
 x - a scroll of magic mapping
Jewellery
 p - a ring of magical power (left hand)

Dungeon Overview and Level Annotations

Branches:
Dungeon (8/15)             Temple (1/1) D:7
   Lair: D:8-11

Altars:
Ashenzari
Cheibriados
Dithmenos
Elyvilon
Fedhas
Gozag
Kikubaaqudgha
Makhleb
Nemelex Xobeh
Okawaru
Qazlal
Ru
Sif Muna
Trog
Vehumet
Xom
Yredelemnul
Zin
The Shining One

Shops:
D:4 !

Annotations:
D:7 Yermak's ghost, experienced FeCj
D:8 Maurice

............................
................#.....####.
................#...###
..............###...#
.............###..#.#
.............# ####.#
.#.......##.## ##%.##
############# ##yy#.#
#@###.# ### ###


You could see 2 killer bees.


Message History

* * * LOW HITPOINT WARNING * * *
Drink which item? (? for menu, Esc to quit)
That liquid tasted very nasty...
You are more poisoned.
It was a potion of poison.
You feel sick. The killer bee stings you.
* * * LOW HITPOINT WARNING * * *
The killer bee stings you.
* * * LOW HITPOINT WARNING * * *
You are lethally poisoned!
The killer bee poisons you!
You closely miss the killer bee.
The killer bee is heavily wounded.
* * * LOW HITPOINT WARNING * * *
You feel very sick.
The killer bee stings you but does no damage. x2
Unknown command.
You aren't carrying any potions.
Unknown command.
You barely miss the killer bee.
The killer bee is heavily wounded.
* * * LOW HITPOINT WARNING * * *
You feel sick.
The killer bee stings you but does no damage. x2
You miss the killer bee.
The killer bee is heavily wounded.
* * * LOW HITPOINT WARNING * * *
You feel sick.
The killer bee stings you but does no damage.
The killer bee stings you!
You die...

Action                   |  1- 3 |  4- 6 |  7- 9 | 10-12 || total
-------------------------+-------+-------+-------+-------++-------
Melee: Club              |   152 |       |       |       ||   152
       Unarmed           |     3 |       |    21 |       ||    24
       Flail             |       |   202 |    12 |       ||   214
       Giant club        |       |       |    25 |       ||    25
       Giant spiked club |       |       |   377 |    76 ||   453
Throw: Throwing net      |     2 |       |     4 |       ||     6
       Javelin           |       |    20 |    10 |     5 ||    35
 Cast: Magic Dart        |     2 |       |       |       ||     2
       Call Imp          |     9 |       |    18 |     5 ||    32
       Repel Missiles    |       |       |     5 |       ||     5
       Blink             |       |       |     8 |       ||     8
       Mephitic Cloud    |       |       |     1 |       ||     1
Evoke: Wand              |       |       |    11 |     1 ||    12
  Use: Scroll            |     3 |    11 |    11 |       ||    25
       Potion            |       |       |     4 |     4 ||     8
 Stab: Sleeping          |     3 |       |       |       ||     3
       Distracted        |     1 |       |       |       ||     1
       Held in net/web   |     2 |       |       |       ||     2
  Eat: Chunk             |     1 |     7 |    17 |       ||    25
       Bread ration      |     1 |       |       |       ||     1
       Pizza             |       |       |       |     1 ||     1

Vault maps used:
D:1:      dpeg_arrival_pits, st_stairs_10, hangedman_abyss_or_decor_stabs,
          nemelex_xobeh_ov_fountains_minmay
D:2:      lemuel_coloured_pillars_altar, first_bread, uniq_jessica
D:4:      serial_shops, shop, uniq_menkaure
D:6:      uniq_iyjb, uniq_pikel, uniq_blork_the_orc
D:7:      minmay_temple_entry_purple_smoke, uniq_eustachio
D:8:      serial_shops, shop, david_nohive_1, hangedman_feature_mirror,
          nicolae_zen_rock_garden, uniq_prince_ribbit1, uniq_joseph,
          uniq_psyche, uniq_maurice
Temple:   kilobyte_greek_temple_18

Notes
Turn   | Place    | Note
--------------------------------------------------------------
     0 | D:1      | RobertPalmer, the Ogre Wizard, began the quest for the Orb.
     0 | D:1      | Reached XP level 1. HP: 16/16 MP: 4/4
   126 | D:1      | Found a sparkling altar of Nemelex Xobeh.
   254 | D:1      | Reached skill level 1 in Maces & Flails
   417 | D:1      | Reached skill level 2 in Maces & Flails
   417 | D:1      | Reached XP level 2. HP: 16/24 MP: 6/6
  1351 | D:2      | Learned a level 2 spell: Blink
  1354 | D:2      | Learned a level 2 spell: Call Imp
  1357 | D:2      | Learned a level 2 spell: Repel Missiles
  1432 | D:2      | Reached skill level 3 in Maces & Flails
  1576 | D:2      | Reached XP level 3. HP: 29/31 MP: 1/8
  1859 | D:2      | Reached skill level 4 in Maces & Flails
  1927 | D:2      | Reached XP level 4. HP: 39/39 MP: 1/10
  1968 | D:2      | Found a burning altar of Makhleb.
  2321 | D:2      | Noticed Jessica
  2326 | D:2      | Killed Jessica
  2326 | D:2      | Reached skill level 5 in Maces & Flails
  2702 | D:3      | Reached XP level 5. HP: 38/45 MP: 11/11
  3088 | D:4      | Reached skill level 6 in Maces & Flails
  3240 | D:4      | Noticed an ogre
  3247 | D:4      | Killed an ogre
  3247 | D:4      | Reached skill level 7 in Maces & Flails
  3247 | D:4      | Reached XP level 6. HP: 44/53 MP: 13/13
  3307 | D:4      | Found Goaguan's Distillery.
  3688 | D:4      | Noticed Menkaure
  3698 | D:4      | Killed Menkaure
  3698 | D:4      | Reached skill level 8 in Maces & Flails
  3881 | D:5      | Entered Level 5 of the Dungeon
  4251 | D:5      | Reached skill level 9 in Maces & Flails
  4251 | D:5      | Reached XP level 7. HP: 59/59 MP: 15/15
  4509 | D:5      | Reached skill level 10 in Maces & Flails
  5123 | D:5      | Reached skill level 11 in Maces & Flails
  5123 | D:5      | Reached XP level 8. HP: 29/67 MP: 17/17
  5233 | D:6      | Noticed Pikel
  5306 | D:6      | Noticed ztt's ghost (average MiBe)
  5329 | D:7      | Noticed Yermak's ghost (experienced FeCj)
  5666 | D:6      | Reached skill level 12 in Maces & Flails
  5820 | D:6      | Noticed Blork the orc
  5829 | D:6      | Killed Blork the orc
  6111 | D:6      | Got a crude trident
  6160 | D:6      | Killed Pikel
  6160 | D:6      | Reached skill level 14 in Maces & Flails
  6160 | D:6      | Reached XP level 9. HP: 40/74 MP: 18/18
  6194 | D:6      | Killed Ijyb
  6569 | D:6      | Killed ztt's ghost
  6763 | D:7      | Reached skill level 15 in Maces & Flails
  7149 | D:7      | Learned a level 3 spell: Mephitic Cloud
  7153 | D:7      | Learned a level 3 spell: Conjure Flame
  7309 | D:7      | Found a staircase to the Ecumenical Temple.
  7336 | Temple   | Entered the Ecumenical Temple
  7373 | Temple   | Became a worshipper of Ashenzari the Shackled
  7491 | D:7      | Noticed Eustachio
  7502 | D:7      | Killed Eustachio
  7657 | D:8      | Noticed Psyche
  7859 | D:8      | Found a white marble altar of Elyvilon.
  7969 | D:8      | Killed Psyche
  7969 | D:8      | Reached skill level 16 in Maces & Flails
  8024 | D:8      | Noticed Maurice
  8222 | D:8      | Noticed Joseph
  8236 | D:8      | Killed Joseph
  8236 | D:8      | Reached XP level 10. HP: 56/81 MP: 17/19
  8404 | D:8      | HP: 7/81 [killer bee (9)]
  8406 | D:8      | Reached skill level 17 in Maces & Flails
  8655 | D:8      | HP: 8/81 [killer bee (6)]
  8658 | D:8      | HP: 3/81 [poisoned by a killer bee]
  8658 | D:8      | Mangled by a killer bee

Vanquished Creatures
  Pikel (D:6)
  Joseph (D:8)
  Psyche (D:8)
  The ghost of ztt the Skirmisher, an average MiBe of Trog (D:6)
  Eustachio (D:7)
  Menkaure (D:4)
  A slave (D:6)
  2 centaurs
  5 ogres
  4 giant frogs
  Blork the orc (D:6)
  A wyvern zombie (D:6)
  A wyvern skeleton (D:8)
  2 scorpions (D:5)
  6 killer bees (D:8)
  A crimson imp (D:6)
  2 goliath beetles
  2 giant frog skeletons
  2 hounds
  4 orc priests
  5 worker ants
  5 orc wizards
  An iguana (D:7)
  Jessica (D:2)
  A killer bee zombie (D:6)
  An ogre zombie (D:7)
  A hound skeleton (D:4)
  4 adders
  3 gnolls (D:6)
  An orc skeleton (D:5)
  2 shadow imps
  A gnoll skeleton (D:4)
  2 worms
  A white imp (D:6)
  An iguana zombie (D:8)
  7 giant geckos
  17 orcs
  11 bats
  8 giant cockroaches
  A gnoll zombie (D:6)
  11 goblins
  8 hobgoblins
  8 jackals
  5 giant newts
  A giant spore (D:7)
  A goblin skeleton (D:4)
  15 kobolds
  3 quokkas
  A quokka skeleton (D:5)
  14 rats
  20 ballistomycetes
201 creatures vanquished.

Vanquished Creatures (collateral kills)
  An orc warrior (D:6)
  4 gnolls (D:2)
  A giant mite (D:2)
  A worm (D:2)
  3 orcs (D:6)
  A ballistomycete (D:6)
11 creatures vanquished.

Vanquished Creatures (others)
  A slave (D:6)
  2 killer bees (D:8)
  A crimson imp (D:8)
  A hound (D:7)
  A worker ant (D:6)
  Ijyb (D:6)
  5 white imps
  3 shadow imps (D:8)
  2 orcs
  3 giant spores
  A kobold (D:6)
  A ballistomycete (D:8)
22 creatures vanquished.

Grand Total: 234 creatures vanquished
